 Dungeon Sprint DCSS version 0.21-a0-2-ge494091 (webtiles) character file.

1481 Kidiri the Thaumaturge (level 8, -9/50 HPs)
             Began as a Deep Elf Fire Elementalist on May 22, 2017.
             Was a Priest of Vehumet.
             Mangled by a two-headed ogre
             ... wielding a +0 giant club
              (20 damage)
             ... in the Dungeon (Sprint III: "The Ten Rune Challenge").
             The game lasted 00:05:09 (1307 turns).

Kidiri the Thaumaturge (Deep Elf Fire Elementalist) Turns: 1307, Time: 00:05:09

Health: -9/50      AC:  3    Str:  3    XL:     8   Next: 50%
Magic:  19/26      EV: 18    Int: 23    God:    Vehumet [***...]
Gold:   37         SH:  0    Dex: 15    Spells: 12/32 levels left

rFire    . . .     SeeInvis .   b - +0 short sword
rCold    . . .     Gourm    .   (no shield)
rNeg     . . .     Faith    .   a - +0 robe
rPois    .         Spirit   .   (helmet restricted)
rElec    .         Reflect  .   l - +0 cloak
rCorr    .         Harm     .   (no gloves)
MR       .....     NoTele   +   (no boots)
Stlth    ++........             (no amulet)
Regen    0.2/turn               (no ring)
MPRegen  0.2/turn               (no ring)

@: no status effects
A: beak, weak 1, subdued magic 1
a: Renounce Religion


You were in the Dungeon.
You worshipped Vehumet.
Vehumet was most pleased with you.
You were not hungry.

You visited 1 branch You collected 37 gold pieces.

Inventory:

Hand Weapons
 b - a +0 short sword (weapon)
Armour
 a - a +0 robe (worn)
 l - a +0 cloak (worn)
Wands
 w - a wand of acid (9/15)
Scrolls
 i - a scroll of blinking
 n - a scroll of immolation {unknown}
 o - a scroll of enchant weapon {unknown}
 p - 3 scrolls of remove curse
 s - a scroll of holy word {unknown}
 t - a scroll of identify {unknown}
Potions
 d - 2 potions of curing
 e - a potion of heal wounds
 f - a potion of haste
 g - 2 potions of magic
 h - a potion of berserk rage
 j - a potion of cancellation {unknown}
 r - 3 potions of flight
Comestibles
 c - a bread ration
 k - 8 chunks of flesh
 q - 3 fruits
 u - 2 royal jellies


   Skills:
 + Level 5.4 Fighting
 + Level 5.4 Short Blades
 + Level 5.5 Armour
 + Level 8.6 Dodging
 - Level 2.4 Stealth
 * Level 12.6 Spellcasting
 + Level 7.4 Conjurations
 + Level 8.2 Fire Magic
 + Level 1.3 Ice Magic
 + Level 2.6 Evocations


You had 12 spell levels left.
You knew the following spells:

 Your Spells              Type           Power        Failure   Level  Hunger
a - Flame Tongue          Conj/Fire      #####        1%          1    None
b - Throw Flame           Conj/Fire      #####.       1%          2    None
c - Conjure Flame         Conj/Fire      #####...     1%          3    None
d - Inner Flame           Hex/Fire       ####....     1%          3    None
e - Sticky Flame          Conj/Fire      #####...     1%          4    None
f - Fireball              Conj/Fire      #####.....   1%          5    ###....
g - Throw Frost           Conj/Ice       ####..       1%          2    None


Dungeon Overview and Level Annotations

Branches:
Dungeon (1/1)

Altars:
Cheibriados
Dithmenos
Elyvilon
Fedhas
Gozag
Hepliaklqana
Kikubaaqudgha
Makhleb
Nemelex Xobeh
Okawaru
Qazlal
Ru
Sif Muna
Trog
Uskayaw
Vehumet
Wu Jian
Xom
Yredelemnul
Zin
The Shining One
Beogh
Jiyva
Lugonu


Innate Abilities, Weirdness & Mutations

You have a beak for a mouth.
You are weak. (Str -2)
Your spells are a little easier to cast, but a little less powerful.


Message History

Casting: Sticky Flame
Confirm with . or Enter, or press ? or * to list all spells.
Aiming: Flame Tongue
Press: ? - help, Shift-Dir - straight line, f/p - two-headed ogre
Aim: a two-headed ogre, wielding a giant club and a giant spiked club (heavily wounded)
The flame tongue hits the two-headed ogre.
The two-headed ogre is severely wounded.
Casting: Flame Tongue
Confirm with . or Enter, or press ? or * to list all spells.
Aiming: Sticky Flame
Press: ? - help, Shift-Dir - straight line, f/p - two-headed ogre
Aim: a two-headed ogre, wielding a giant club and a giant spiked club (severely wounded)
The sticky flame hits the two-headed ogre.
The two-headed ogre is severely wounded.
The two-headed ogre is covered in liquid flames!
The two-headed ogre burns!
The two-headed ogre hits you with a giant club!!
* * * LOW HITPOINT WARNING * * *
The two-headed ogre hits you with a giant spiked club!!
You die...

#..###+#+###+##
#..#.)........#
...'.⌠........#
...#...######'#
...#.⌠.#__#...#+###########
...#...#__#...#....#.#.#..
...#+###__#...##.#..#.##.#
...#:).#__#...'##O#.#.##.#
...#___#__+...#.@)#..#..##
▓▓▓▓▓▓▓▓▓▓▓▓▓▓▓▓▓▓▓▓▓▓▓▓▓


You could see a two-headed ogre (burning).

Vanquished Creatures
  A deep elf mage (D)
  A shadow (D)
  A spatial vortex (D)
  A necrophage (D)
  3 two-headed ogres (D)
  A water elemental (D)
  A jelly (D)
  Crazy Yiuf (D)
  A wizard (D)
  A necromancer (D)
  3 humans (D)
  A kobold demonologist (D)
  An ooze (D)
  3 rats (D)
20 creatures vanquished.

Vanquished Creatures (others)
  2 draconian scorchers (D)
  6 hellions (D)
  2 yaktaurs (D)
10 creatures vanquished.

Grand Total: 30 creatures vanquished

Notes
Turn   | Place    | Note
-------+----------+-------------------------------------------
     0 | D        | Kidiri the Deep Elf Fire Elementalist began the quest for the Orb.
     0 | D        | Reached XP level 1. HP: 10/10 MP: 6/6
    76 | D        | Killed a hellion
   101 | D        | Killed a hellion
   120 | D        | Killed a hellion
   121 | D        | Killed a hellion
   130 | D        | Killed a hellion
   152 | D        | Killed a yaktaur
   165 | D        | Noticed Crazy Yiuf
   169 | D        | Killed a hellion
   175 | D        | Killed Crazy Yiuf
   175 | D        | Reached skill level 1 in Fighting
   175 | D        | Reached skill level 1 in Armour
   175 | D        | Reached skill level 5 in Spellcasting
   175 | D        | Reached XP level 2. HP: 5/16 MP: 1/10
   175 | D        | Reached XP level 3. HP: 7/20 MP: 1/11
   179 | D        | Learned a level 2 spell: Throw Flame
   183 | D        | Learned a level 3 spell: Conjure Flame
   187 | D        | Learned a level 3 spell: Inner Flame
   230 | D        | Killed a white draconian scorcher
   245 | D        | Killed a white draconian scorcher
   469 | D        | Gained mutation: You are resistant to hostile enchantments. (MR+) [potion of mutation]
   469 | D        | Gained mutation: Your flesh is cold resistant. (rC+) [potion of mutation]
   469 | D        | Gained mutation: You are highly resistant to hostile enchantments. (MR++) [potion of mutation]
   470 | D        | Lost mutation: You are highly resistant to hostile enchantments. (MR++) [potion of mutation]
   470 | D        | Lost mutation: Your flesh is cold resistant. (rC+) [potion of mutation]
   470 | D        | Gained mutation: You tend to lose your temper in combat. [potion of mutation]
   470 | D        | Gained mutation: You are agile. (Dex +2) [potion of mutation]
   470 | D        | Gained mutation: You are dopey. (Int -2) [potion of mutation]
   470 | D        | Gained mutation: You are very agile. (Dex +4) [potion of mutation]
   471 | D        | Lost mutation: You are dopey. (Int -2) [potion of mutation]
   471 | D        | Lost mutation: You are very agile. (Dex +4) [potion of mutation]
   471 | D        | Lost mutation: You are resistant to hostile enchantments. (MR+) [potion of mutation]
   471 | D        | Lost mutation: You tend to lose your temper in combat. [potion of mutation]
   471 | D        | Lost mutation: You are agile. (Dex +2) [potion of mutation]
   471 | D        | Gained mutation: You are weak. (Str -2) [potion of mutation]
   471 | D        | Gained mutation: Your spells are a little easier to cast, but a little less powerful. [potion of mutation]
   471 | D        | Gained mutation: You have a beak for a mouth. [potion of mutation]
   532 | D        | Noticed a water elemental
   536 | D        | Killed a water elemental
   536 | D        | Reached skill level 5 in Dodging
   536 | D        | Reached skill level 7 in Spellcasting
   536 | D        | Reached skill level 5 in Fire Magic
   536 | D        | Reached XP level 4. HP: 27/27 MP: 8/15
   589 | D        | Found a radiant altar of Vehumet.
   590 | D        | Found a deep blue altar of Sif Muna.
   590 | D        | Found an ancient bone altar of Kikubaaqudgha.
   590 | D        | Noticed a wizard
   593 | D        | Killed a wizard
   593 | D        | Reached XP level 5. HP: 27/31 MP: 13/17
   600 | D        | Learned a level 4 spell: Sticky Flame
   606 | D        | Learned a level 5 spell: Fireball
   621 | D        | Became a worshipper of Vehumet
   662 | D        | Found a glowing silver altar of Zin.
   663 | D        | Found a glowing golden altar of the Shining One.
   663 | D        | Found a white marble altar of Elyvilon.
   663 | D        | Noticed a deep elf mage
   695 | D        | Killed a deep elf mage
   695 | D        | Reached skill level 10 in Spellcasting
   695 | D        | Reached XP level 6. HP: 29/39 MP: 2/21
   695 | D        | Reached XP level 7. HP: 32/44 MP: 2/23
   812 | D        | Found an ornate altar of the Wu Jian Council.
   812 | D        | Found a roughly hewn altar of Beogh.
   812 | D        | Found an iron altar of Okawaru.
   812 | D        | Found a bloodstained altar of Trog.
   812 | D        | Found a hide-covered altar of Uskayaw.
   812 | D        | Noticed a human
   816 | D        | Noticed a human
   818 | D        | Killed a human
   818 | D        | Reached skill level 11 in Spellcasting
   821 | D        | Killed a human
   821 | D        | Reached * piety under Vehumet
   821 | D        | Offered knowledge of Magic Dart by Vehumet.
   927 | D        | Found a basalt altar of Yredelemnul.
   927 | D        | Found a shadowy altar of Dithmenos.
   927 | D        | Found a sacrificial altar of Ru.
   940 | D        | Reached skill level 5 in Armour
   970 | D        | Reached ** piety under Vehumet
   970 | D        | Reached skill level 5 in Fighting
   971 | D        | Noticed a shadow
   982 | D        | Killed a shadow
   982 | D        | Reached skill level 5 in Short Blades
   982 | D        | Reached skill level 12 in Spellcasting
   982 | D        | Reached skill level 1 in Evocations
   982 | D        | Reached XP level 8. HP: 48/49 MP: 14/26
  1038 | D        | Found a blossoming altar of Fedhas.
  1038 | D        | Found a stormy altar of Qazlal.
  1039 | D        | Found a snail-covered altar of Cheibriados.
  1039 | D        | Found a burning altar of Makhleb.
  1039 | D        | Found a hazy altar of Hepliaklqana.
  1039 | D        | Found a shimmering altar of Xom.
  1039 | D        | Found an opulent altar of Gozag.
  1039 | D        | Found a sparkling altar of Nemelex Xobeh.
  1039 | D        | Found a corrupted altar of Lugonu.
  1039 | D        | Found a viscous altar of Jiyva.
  1056 | D        | Offered knowledge of Throw Frost by Vehumet.
  1082 | D        | Killed a yaktaur
  1128 | D        | Learned a level 2 spell: Throw Frost
  1144 | D        | Offered knowledge of Searing Ray by Vehumet.
  1155 | D        | Reached *** piety under Vehumet
  1155 | D        | Reached skill level 1 in Ice Magic
  1295 | D        | Noticed a two-headed ogre
  1307 | D        | Mangled by a two-headed ogre

Vault maps used:
D:        dungeon_sprint_mu

Skill      XL: |  1  2  3  4  5  6  7  8 |
---------------+-------------------------+-----
Dodging        | 3 5 7 8 |  8.6
Fighting       | 1 2 4 5 |  5.4
Armour         | 1 2 4 5 |  5.5
Spellcasting   | 5 7 10 12 | 12.6
Conjurations   | 2 3 4 6 7 |  7.4
Fire Magic     | 4 5 7 8 |  8.2
Short Blades   | 3 5 |  5.4
Evocations     | 1 2 |  2.6
Ice Magic      | 1 |  1.3
Stealth        | |  2.4

Action                   |  1- 3 |  4- 6 |  7- 9 || total
-------------------------+-------+-------+-------++-------
Melee: Quarterstaff      |     5 |       |       ||     5
       Dagger            |       |     1 |       ||     1
 Cast: Flame Tongue      |    20 |     7 |    50 ||    77
       Throw Flame       |     1 |       |     2 ||     3
       Conjure Flame     |     1 |       |     3 ||     4
       Sticky Flame      |       |     2 |     5 ||     7
       Inner Flame       |       |       |     2 ||     2
  Use: Potion            |     3 |     1 |       ||     4
 Stab: Sleeping          |       |     1 |       ||     1
  Eat: Chunk             |       |       |     1 ||     1
Armor: Robe              |     1 |       |     2 ||     3
Dodge: Dodged            |     7 |     3 |    15 ||    25
